3AAA
SUNSET DISTRICT FOG @ BALBOA BUCCANEERS
07/20/2019
 
TOP OF THE 1ST
Sunset District Fog batting - Pitching for Balboa Buccaneers : RHP Brandeis Göller
Pitching: RHP Brandeis Göller
Batting: LHB David Hunt 0-0: Foul Ball, location: 2F
0-1: Ball
1-1: Ball
2-1: Foul Ball, location: 2F
2-2: Foul Ball, location: 2F
2-2: Strikes out swinging
Batting: RHB Jim Lee 0-0: Called Strike
0-1: Ground out 5-3 (Groundball, 5S)
Batting: RHB Gabriel Maldonado 0-0: Ball
1-0: Ball
2-0: DOUBLE (Flyball, 78XD)
Batting: RHB Steve McLeod 0-0: Ball
1-0: Fly out, F7 (Flyball, 7M)
Top of the 1st over - 0 run(s), 1 hit(s), 0 error(s), 1 left on base; Sunset District 0 - Balboa 0
BOTTOM OF THE 1ST
Balboa Buccaneers batting - Pitching for Sunset District Fog : RHP Matt Webber
Pitching: RHP Matt Webber
Batting: LHB Steve Grimes 0-0: Swinging Strike
0-1: Swinging Strike
0-2: Ball
1-2: Foul Ball, location: 2F
1-2: Strikes out swinging
Batting: RHB César Garza 0-0: Ball
1-0: Foul Ball, location: 2F
1-1: Ball
2-1: Foul Ball, location: 2F
2-2: Foul Ball, location: 2F
2-2: Ball
3-2: Strikes out swinging
Batting: SHB Walt Smith 0-0: Ball
1-0: Foul Ball, location: 2F
1-1: Foul Ball, location: 2F
1-2: Strikes out looking
Bottom of the 1st over - 0 run(s), 0 hit(s), 0 error(s), 0 left on base; Sunset District 0 - Balboa 0
TOP OF THE 2ND
Sunset District Fog batting - Pitching for Balboa Buccaneers : RHP Brandeis Göller
Batting: SHB Al Anderson 0-0: Called Strike
0-1: Swinging Strike
0-2: Ball
1-2: Strikes out swinging
Batting: SHB Brian Ray 0-0: Ball
1-0: Foul Ball, location: 2F
1-1: Swinging Strike
1-2: Ball
2-2: Foul Ball, location: 2F
2-2: Foul Ball, location: 2F
2-2: Ground out 4-3 (Groundball, 4S)
Batting: LHB Lance Schiffer 0-0: Called Strike
0-1: Ball
1-1: Ball
2-1: Foul Ball, location: 2F
2-2: Ball
3-2: Strikes out looking
Top of the 2nd over - 0 run(s), 0 hit(s), 0 error(s), 0 left on base; Sunset District 0 - Balboa 0
BOTTOM OF THE 2ND
Balboa Buccaneers batting - Pitching for Sunset District Fog : RHP Matt Webber
Batting: LHB Imre Brincka 0-0: Foul Ball, location: 2F
0-1: Fly out, F8 (Flyball, 89S)
Batting: RHB Leonard James 0-0: Called Strike
0-1: Ball
1-1: Fly out, F8 (Line Drive, 8LM)
Batting: RHB Jean Lemaire 0-0: Called Strike
0-1: DOUBLE (Flyball, 8LS)
Batting: SHB Chris Cordell 0-0: SINGLE (Line Drive, 6MD)
Jean Lemaire to third
Batting: RHB José Correa 0-0: Swinging Strike
0-1: Ball
1-1: SINGLE (Line Drive, 8LS)
Jean Lemaire scores
Chris Cordell to second
Batting: SHB Wook-jin Pae 0-0: Ball
1-0: Ball
2-0: Called Strike
2-1: Ball
3-1: Swinging Strike
3-2: SINGLE (Line Drive, 4MD)
Chris Cordell to third
José Correa to second
Chris Cordell scores
José Correa to third
Batting: LHB Steve Grimes 0-0: Ball
1-0: Foul Ball, location: 2F
1-1: Foul Ball, location: 2F
1-2: Foul Ball, location: 2F
1-2: Foul Ball, location: 2F
1-2: Ball
2-2: Foul Ball, location: 2F
2-2: Ground out 6-3 (Groundball, 6)
Bottom of the 2nd over - 2 run(s), 4 hit(s), 0 error(s), 2 left on base; Sunset District 0 - Balboa 2
TOP OF THE 3RD
Sunset District Fog batting - Pitching for Balboa Buccaneers : RHP Brandeis Göller
Batting: RHB Luis Silva 0-0: Ball
1-0: Ball
2-0: Foul Ball, location: 2F
2-1: Foul Ball, location: 2F
2-2: Foul Ball, location: 2F
2-2: Foul Ball, location: 2F
2-2: Ball
3-2: Base on Balls
Batting: SHB John Allen 0-0: Ball
Luis Silva is caught stealing 2nd base
1-0: Fly out, F7 (Flyball, 78M)
Batting: LHB David Hunt 0-0: Called Strike
0-1: DOUBLE (Line Drive, 7LM)
Batting: RHB Jim Lee 0-0: Foul Ball, location: 2F
0-1: Swinging Strike
0-2: Ball
1-2: Ball
2-2: SINGLE (Line Drive, 6MD)
David Hunt to third
Batting: RHB Gabriel Maldonado 0-0: Ball
1-0: Foul Ball, location: 2F
1-1: Fly out, F7 (Flyball, 78M)
Top of the 3rd over - 0 run(s), 2 hit(s), 0 error(s), 2 left on base; Sunset District 0 - Balboa 2
BOTTOM OF THE 3RD
Balboa Buccaneers batting - Pitching for Sunset District Fog : RHP Matt Webber
Batting: RHB César Garza 0-0: Foul Ball, location: 2F
0-1: Foul Ball, location: 2F
0-2: Strikes out swinging
Batting: SHB Walt Smith 0-0: Ball
1-0: SINGLE (Groundball, 6M)
Batting: LHB Imre Brincka 0-0: Ball
1-0: Ground out 5-3 (Groundball, 56S)
Walt Smith to second
Batting: RHB Leonard James 0-0: Ball
1-0: Ball
2-0: Foul Ball, location: 2F
2-1: SINGLE (Line Drive, 56)
Walt Smith to third
Runner from 3rd tries for Home, SAFE, no throw or cutoff
Batting: RHB Jean Lemaire 0-0: Called Strike
0-1: SINGLE (Line Drive, 89S)
Leonard James to second
Batting: SHB Chris Cordell 0-0: Foul Ball, location: 2F
0-1: Foul Ball, location: 2F
0-2: Foul Ball, location: 2F
0-2: Strikes out looking
Bottom of the 3rd over - 1 run(s), 3 hit(s), 0 error(s), 2 left on base; Sunset District 0 - Balboa 3
TOP OF THE 4TH
Sunset District Fog batting - Pitching for Balboa Buccaneers : RHP Brandeis Göller
Batting: RHB Steve McLeod 0-0: Called Strike
0-1: Foul Ball, location: 2F
0-2: SINGLE (Line Drive, 4D)
Batting: SHB Al Anderson 0-0: Foul Ball, location: 2F
0-1: Ball
1-1: SINGLE (Groundball, 34D)
Steve McLeod to second
Runner from 2nd tries for 3rd, SAFE, throw made to third
Batting: SHB Brian Ray 0-0: Foul Ball, location: 2F
0-1: Foul Ball, location: 2F
0-2: Grounds into double play, 6-4-3 (Groundball, 6)
Steve McLeod scores
Batting: LHB Lance Schiffer 0-0: Swinging Strike
0-1: Ball
1-1: Fly out, F6 (Popup, 56D)
Top of the 4th over - 1 run(s), 2 hit(s), 0 error(s), 0 left on base; Sunset District 1 - Balboa 3
BOTTOM OF THE 4TH
Balboa Buccaneers batting - Pitching for Sunset District Fog : RHP Matt Webber
Batting: RHB José Correa 0-0: SINGLE (Flyball, 78S)
Batting: SHB Wook-jin Pae 0-0: Called Strike
0-1: Ball
1-1: Called Strike
José Correa steals 2nd base
1-2: Strikes out swinging
Batting: LHB Steve Grimes 0-0: Ball
1-0: Foul Ball, location: 2F
1-1: Ball
2-1: Foul Ball, location: 2F
2-2: SINGLE (Groundball, 56)
José Correa to third
Runner from 3rd tries for Home, SAFE, no throw or cutoff
Batting: RHB César Garza 0-0: Foul Ball, location: 2F
0-1: Foul Ball, location: 2F
0-2: Ball
1-2: Foul Ball, location: 2F
1-2: Foul Ball, location: 2F
1-2: Fly out, F8 (Flyball, 8RM)
Batting: SHB Walt Smith 0-0: 2-RUN HOME RUN (Flyball, 89XD), Distance : 390 ft
Pitching: LHP Morris Nicholson
Batting: LHB Imre Brincka 0-0: Ball
1-0: Ground out 4-3 (Groundball, 4)
Bottom of the 4th over - 3 run(s), 3 hit(s), 0 error(s), 0 left on base; Sunset District 1 - Balboa 6
TOP OF THE 5TH
Sunset District Fog batting - Pitching for Balboa Buccaneers : RHP Brandeis Göller
Batting: RHB Luis Silva 0-0: Ball
1-0: Fly out, F9 (Flyball, 89S)
Batting: SHB John Allen 0-0: Ball
1-0: Called Strike
1-1: Fly out, F3 (Popup, 23F)
Batting: LHB David Hunt 0-0: Ball
1-0: Ball
2-0: Ball
3-0: Base on Balls
Batting: RHB Jim Lee 0-0: DOUBLE (Line Drive, 8RXD)
David Hunt to third
Runner from 3rd tries for Home, SAFE, no throw or cutoff
Batting: RHB Gabriel Maldonado 0-0: Ball
1-0: Ball
2-0: Ball
3-0: Called Strike
3-1: Swinging Strike
3-2: DOUBLE (Line Drive, 9LM)
Jim Lee scores
Batting: RHB Steve McLeod 0-0: Ball
1-0: Swinging Strike
1-1: Fly out, F8 (Flyball, 8LS)
Top of the 5th over - 2 run(s), 2 hit(s), 0 error(s), 1 left on base; Sunset District 3 - Balboa 6
BOTTOM OF THE 5TH
Balboa Buccaneers batting - Pitching for Sunset District Fog : LHP Morris Nicholson
Batting: RHB Leonard James 0-0: Called Strike
0-1: Called Strike
0-2: Ball
1-2: Strikes out swinging
Batting: RHB Jean Lemaire 0-0: Ball
1-0: Ball
2-0: Ground out 6-3 (Groundball, 6)
Batting: SHB Chris Cordell 0-0: Ball
1-0: Called Strike
1-1: Ball
2-1: Foul Ball, location: 2F
2-2: Ball
3-2: Strikes out looking
Bottom of the 5th over - 0 run(s), 0 hit(s), 0 error(s), 0 left on base; Sunset District 3 - Balboa 6
TOP OF THE 6TH
Sunset District Fog batting - Pitching for Balboa Buccaneers : RHP Brandeis Göller
Batting: SHB Al Anderson 0-0: Called Strike
0-1: Ball
1-1: Foul Ball, location: 2F
1-2: Foul Ball, location: 2F
1-2: Foul Ball, location: 2F
1-2: Ground out U3 (Groundball, 3S)
Batting: SHB Brian Ray 0-0: Ball
1-0: Ball
2-0: Foul Ball, location: 2F
2-1: Foul Ball, location: 2F
2-2: Strikes out swinging
Batting: LHB Lance Schiffer 0-0: Called Strike
0-1: Swinging Strike
0-2: Ball
1-2: Ball
2-2: Strikes out swinging
Top of the 6th over - 0 run(s), 0 hit(s), 0 error(s), 0 left on base; Sunset District 3 - Balboa 6
BOTTOM OF THE 6TH
Balboa Buccaneers batting - Pitching for Sunset District Fog : LHP Morris Nicholson
Batting: RHB José Correa 0-0: Ball
1-0: Fly out, F8 (Flyball, 8LM)
Batting: SHB Wook-jin Pae 0-0: Foul Ball, location: 2F
0-1: Foul Ball, location: 2F
0-2: Strikes out looking
Batting: LHB Steve Grimes 0-0: Ball
1-0: Swinging Strike
1-1: Called Strike
1-2: Strikes out swinging
Bottom of the 6th over - 0 run(s), 0 hit(s), 0 error(s), 0 left on base; Sunset District 3 - Balboa 6
TOP OF THE 7TH
Sunset District Fog batting - Pitching for Balboa Buccaneers : RHP Brandeis Göller
Batting: RHB Luis Silva 0-0: Called Strike
0-1: Ball
1-1: Ball
2-1: Ball
3-1: Called Strike
3-2: Foul Ball, location: 2F
3-2: SINGLE (Line Drive, 4D)
Batting: SHB John Allen 0-0: Called Strike
0-1: Called Strike
0-2: Ball
1-2: Grounds into double play, 1-6-3 (Groundball, 13)
Batting: LHB David Hunt 0-0: SOLO HOME RUN (Flyball, 89XD), Distance : 391 ft
Batting: RHB Jim Lee 0-0: Called Strike
0-1: Ball
1-1: Swinging Strike
1-2: Ball
2-2: SINGLE (Groundball, 56)
Pitching: RHP José Valenzuela
Batting: RHB Gabriel Maldonado 0-0: Foul Ball, location: 2F
0-1: DOUBLE (Flyball, 8RD)
Jim Lee to third
Runner from 3rd tries for Home, SAFE, no throw or cutoff
Batting: RHB Steve McLeod 0-0: Ball
1-0: Ball
2-0: Called Strike
2-1: Ground out 1-3 (Groundball, 13S)
Top of the 7th over - 2 run(s), 4 hit(s), 0 error(s), 1 left on base; Sunset District 5 - Balboa 6
BOTTOM OF THE 7TH
Balboa Buccaneers batting - Pitching for Sunset District Fog : LHP Morris Nicholson
Pitching: RHP Jim Unknown
Batting: RHB César Garza 0-0: Ball
1-0: Called Strike
1-1: Foul Ball, location: 2F
1-2: Strikes out looking
Batting: SHB Walt Smith 0-0: Called Strike
0-1: Swinging Strike
0-2: Strikes out swinging
Batting: LHB Imre Brincka 0-0: Ball
1-0: Ball
2-0: Foul Ball, location: 2F
2-1: Ball
3-1: Swinging Strike
3-2: Foul Ball, location: 2F
3-2: Strikes out swinging
Bottom of the 7th over - 0 run(s), 0 hit(s), 0 error(s), 0 left on base; Sunset District 5 - Balboa 6
TOP OF THE 8TH
Sunset District Fog batting - Pitching for Balboa Buccaneers : RHP José Valenzuela
Pitching: RHP Bill Swain
Batting: SHB Al Anderson 0-0: Called Strike
0-1: SINGLE (Groundball, 34S) (infield hit)
Pitching: LHP Andy Hayden
Batting: SHB Brian Ray 0-0: Ball
1-0: Foul Ball, location: 2F
1-1: Ball
2-1: Ball
3-1: Called Strike
3-2: Foul Ball, location: 2F
3-2: Foul Ball, location: 2F
3-2: Strikes out looking
Pinch Hitting: RHB Jim Unknown 0-0: Called Strike
0-1: Ball
1-1: Ball
2-1: Foul Ball, location: 2F
2-2: Foul Ball, location: 2F
2-2: SINGLE (Line Drive, 6D)
Al Anderson to second
Pinch Runner at 2nd Shane Franklin:
Batting: RHB Luis Silva 0-0: Ball
1-0: Foul Ball, location: 2F
1-1: Ball
2-1: Foul Ball, location: 2F
2-2: Ground out U3 (Groundball, 3L)
Shane Franklin to third
Jim Unknown to second
Batting: SHB John Allen 0-0: Ball
1-0: Ball
2-0: Called Strike
2-1: Ball
3-1: Base on Balls
Batting: LHB David Hunt 0-0: Called Strike
0-1: Ball
1-1: Foul Ball, location: 2F
1-2: Ball
2-2: GRAND SLAM HOME RUN (Flyball, 89XD), Distance : 416 ft
Batting: RHB Jim Lee 0-0: SINGLE (Groundball, 56D) (infield hit)
Pitching: LHP Albert García
Batting: RHB Gabriel Maldonado 0-0: Ball
1-0: Foul Ball, location: 2F
1-1: SINGLE (Groundball, 6D)
Jim Lee to second
Batting: RHB Steve McLeod 0-0: Ball
1-0: Ball
2-0: Foul Ball, location: 2F
2-1: Ground out 6-3 (Groundball, 6)
Top of the 8th over - 4 run(s), 5 hit(s), 0 error(s), 2 left on base; Sunset District 9 - Balboa 6
BOTTOM OF THE 8TH
Balboa Buccaneers batting - Pitching for Sunset District Fog : RHP Jim Unknown
Now in LF: Jim Unknown
Batting: RHB Leonard James 0-0: Called Strike
0-1: Ball
1-1: Ball
2-1: Ball
3-1: Called Strike
3-2: Foul Ball, location: 2F
3-2: SINGLE (Groundball, 4MD)
Batting: RHB Jean Lemaire 0-0: Ball
1-0: Grounds into double play, 6-4-3 (Groundball, 6M)
Batting: SHB Chris Cordell 0-0: Ball
1-0: Called Strike
1-1: Ball
2-1: Foul Ball, location: 2F
2-2: SINGLE (Line Drive, 56)
Batting: RHB José Correa 0-0: Foul Ball, location: 2F
0-1: Ball
1-1: Ball
2-1: Foul Ball, location: 2F
2-2: Foul Ball, location: 2F
2-2: Ball
3-2: Base on Balls
Chris Cordell to second
Batting: SHB Wook-jin Pae 0-0: Swinging Strike
0-1: Ball
1-1: Foul Ball, location: 2F
1-2: Foul Ball, location: 2F
1-2: Strikes out swinging
Bottom of the 8th over - 0 run(s), 2 hit(s), 0 error(s), 2 left on base; Sunset District 9 - Balboa 6
TOP OF THE 9TH
Sunset District Fog batting - Pitching for Balboa Buccaneers : LHP Albert García
Batting: RHB Shane Franklin 0-0: Ball
1-0: Ball
2-0: Called Strike
2-1: SINGLE (Groundball, 56D)
Batting: SHB Brian Ray 0-0: Ball
1-0: Foul Ball, location: 2F
1-1: Foul Ball, location: 2F
1-2: Strikes out swinging
Batting: RHB Jim Unknown 0-0: Called Strike
0-1: Foul Ball, location: 2F
0-2: Foul Ball, location: 2F
0-2: Ball
1-2: Strikes out swinging
Batting: RHB Luis Silva 0-0: Ball
1-0: Ball
2-0: Ground out 3-1 (Groundball, 23)
Top of the 9th over - 0 run(s), 1 hit(s), 0 error(s), 1 left on base; Sunset District 9 - Balboa 6
BOTTOM OF THE 9TH
Balboa Buccaneers batting - Pitching for Sunset District Fog : RHP Jim Unknown
Pitching: RHP Luke Merkley
Batting: LHB Steve Grimes 0-0: Ball
1-0: Ball
2-0: Foul Ball, location: 2F
2-1: Ball
3-1: Foul Ball, location: 2F
3-2: SINGLE (Flyball, 7S)
Batting: RHB César Garza 0-0: Fly out, F8 (Flyball, 8LM)
Batting: SHB Walt Smith 0-0: Ball
1-0: Called Strike
1-1: Fly out, F6 (Popup, 6MD)
Batting: LHB Imre Brincka 0-0: Ball
1-0: Ball
2-0: Called Strike
2-1: SINGLE (Line Drive, 8RS)
Steve Grimes to second
Runner from 2nd tries for 3rd, OUT!
Bottom of the 9th over - 0 run(s), 2 hit(s), 0 error(s), 1 left on base; Sunset District 9 - Balboa 6
This league is powered by Out of the Park Baseball, the baseball management simulation game for PC, Mac and Linux
Saturday, July 25th, 2015 - OOTP Baseball 15.6 Build 34